 Dungeon Crawl Stone Soup version 0.31-a0-408-gb642c7f9a3 (webtiles) character file.

Game seed: 6649272558583850382

594 gelatine the Chopper (level 7, -1/51 HPs)
             Began as a Demonspawn Gladiator on July 29, 2023.
             Slain by Duvessa
             ... wielding a +2 rapier of electrocution
              (14 damage)
             ... on level 5 of the Dungeon.
             The game lasted 00:09:39 (3883 turns).

gelatine the Chopper (Demonspawn Gladiator)         Turns: 3883, Time: 00:09:40

Health: -1/51      AC:  9    Str: 17    XL:     7   Next: 16%
Magic:  7/7        EV: 17    Int:  9    God:
Gold:   140        SH:  4    Dex: 14    Spells: 6/6 levels left

rFire   . . .        a - +0 war axe
rCold   . . .        (no shield)
rNeg    + . .        l - +0 ring mail
rPois   .            i - +2 hat
rElec   .            (no cloak)
rCorr   .            o - +0 pair of gloves
SInv    .            f - +0 pair of boots
Will    .....        (no amulet)
Stlth   +            q - ring of positive energy
HPRegen 0.28/turn    v - +5 ring of evasion
MPRegen 0.20/turn

%: no passive effects
@: no status effects
A: horns 1, large bone plates 1, magic regeneration, demonic magic 1
a: no special abilities


You were on level 5 of the Dungeon.
You visited 1 branch of the dungeon, and saw 5 of its levels.

You collected 203 gold pieces.
You spent 63 gold pieces at shops.

Inventory:

Hand Weapons
 a - a +0 war axe (weapon)
 m - a +0 heavy hand axe
Missiles
 d - 2 throwing nets
 n - a boomerang (quivered)
Armour
 b - a +0 leather armour
 f - a +0 pair of boots (worn)
 i - a +2 hat (worn)
 l - a +0 ring mail (worn)
 o - a +0 pair of gloves (worn)
Jewellery
 q - a ring of positive energy (left hand)
 v - a +5 ring of evasion (right hand)
Scrolls
 c - 2 scrolls of immolation {unknown}
 g - 6 scrolls of identify {unknown}
 h - 3 scrolls of enchant weapon {unknown}
 j - 3 scrolls of teleportation {unknown}
 k - a scroll of poison {unknown}
 u - 2 scrolls of fear {unknown}
 y - a scroll of fog {unknown}
 z - a scroll of enchant armour {unknown}
Potions
 p - 2 potions of degeneration {unknown}
 r - 3 potions of heal wounds {unknown}
 s - a potion of invisibility {unknown}
 t - 3 potions of curing {unknown}
 w - a potion of enlightenment {unknown}
 x - a potion of mutation {unknown}


   Skills:
 + Level 2.8 Fighting
 * Level 6.0 Axes
 + Level 1.8 Throwing
 + Level 1.8 Armour
 + Level 3.7 Dodging
 + Level 0.3 Stealth
 * Level 2.0 Shields


You had 6 spell levels left.
You didn't know any spells.
Your spell library was empty.

Dungeon Overview and Level Annotations

Branches:
Dungeon (5/15)
 Temple: D:4-7

Altars:
Kikubaaqudgha

Shops:
D:2 [(

Annotations:
D:3 3 runed translucent doors, Bediveer's ghost, amateur MeHu
D:5 Dowan; Duvessa


Innate Abilities, Weirdness & Mutations

You have a pair of small horns on your head.
You are partially covered in large bone plates. (SH +4)
You regenerate magic rapidly.
Spells you cast may paralyse adjacent enemies.


Message History

You hit the orc. Your headbutt misses the orc.
The orc is almost dead.
The orc closely misses you.
You slash the orc!
You kill the orc!
Your Axes skill increases to level 6!
You see here a +0 falchion.
Duvessa, Sister of Dowan comes into view.
She is wielding a +2 rapier of electrocution.
You throw a javelin.
The javelin pierces through Duvessa but does no damage.
You hear a shout!
You throw a boomerang. The boomerang barely misses Duvessa.
You throw a boomerang. The boomerang barely misses Duvessa.
Dowan, Brother of Duvessa comes into view.
He is wielding a +0 dagger.
You throw a boomerang. The boomerang closely misses Duvessa.
You slash Duvessa!
Duvessa is moderately wounded.
Duvessa barely misses you.
You slash Duvessa! Your headbutt misses Duvessa.
Duvessa is severely wounded.
Duvessa hits you with a +2 rapier of electrocution!
You hit Duvessa. Your headbutt misses Duvessa.
Duvessa is severely wounded.
Duvessa hits you with a +2 rapier of electrocution.
You are electrocuted!
You closely miss Duvessa.
Duvessa is severely wounded.
Duvessa hits you with a +2 rapier of electrocution.
You barely miss Duvessa. You headbutt Duvessa, but do no damage.
Duvessa is severely wounded.
You hit Dowan. Dowan hits you with a +0 dagger. Duvessa barely misses you.
Dowan gestures at you while chanting. The puff of flame hits you!
* * * LOW HITPOINT WARNING * * *
Duvessa closely misses you.
You barely miss Duvessa. Your headbutt misses Duvessa.
Duvessa is severely wounded.
You hit Dowan but do no damage. Dowan completely misses you.
Duvessa hits you with a +2 rapier of electrocution!
You die...

.(. ... ..
#.# ###.#####
.......#
#ee.#.#
###### #
#.@...#
.....#
#.#.....#
.###.#
##.##.#...###
.###.#
#.......###
...#.#
##.####..#
.#.#.###
#...#
.#.....#
#...#
.....#.##
#...#
........#
#...#


You could see Duvessa and Dowan.

Vanquished Creatures
  A black bear (D:4)
  A scorpion (D:4)
  A howler monkey (D:4)
  2 orc priests (D:4)
  3 hounds (D:5)
  An iguana (D:4)
  2 orc wizards
  5 adders (D:2)
  4 gnolls (D:3)
  2 worms (D:2)
  3 dart slugs
  11 orcs
  7 ball pythons
  8 endoplasms
  4 giant cockroaches
  6 goblins
  8 hobgoblins
  4 jackals (D:2)
  2 quokkas
  3 bats
  5 frilled lizards
  4 kobolds
  2 rats
89 creatures vanquished.

Notes
Turn   | Place    | Note
-------+----------+-------------------------------------------
     0 | D:1      | gelatine the Demonspawn Gladiator began the quest for the
                  | Orb.
     0 | D:1      | Reached XP level 1. HP: 16/16 MP: 1/1
   644 | D:1      | Reached skill level 3 in Axes
   700 | D:1      | Gained mutation: You are partially covered in large bone
                  | plates. (SH +4) [demonic ancestry]
   700 | D:1      | Reached XP level 2. HP: 22/22 MP: 2/2
   932 | D:2      | Found a faded altar of an unknown god.
  1017 | D:2      | Gained mutation: Spells you cast may paralyse adjacent
                  | enemies. [demonic ancestry]
  1017 | D:2      | Reached XP level 3. HP: 27/27 MP: 3/3
  1192 | D:2      | Reached skill level 1 in Armour
  1247 | D:2      | Found Baodylimn's Armour Shoppe.
  1279 | D:2      | Found Hoonuh's Antique Weapon Shoppe.
  1327 | D:2      | Gained mutation: You regenerate magic rapidly. [demonic
                  | ancestry]
  1327 | D:2      | Reached XP level 4. HP: 31/33 MP: 4/4
  1634 | D:2      | Bought a +0 pair of gloves for 63 gold pieces
  1900 | D:3      | Found an ancient bone altar of Kikubaaqudgha.
  2000 | D:3      | You fall into a shaft and drop 2 floors!
  2000 | D:5      | Entered Level 5 of the Dungeon
  2059 | D:5      | Reached skill level 4 in Axes
  2060 | D:5      | Reached XP level 5. HP: 37/38 MP: 5/5
  2125 | D:5      | Reached skill level 1 in Shields
  2160 | D:4      | Noticed a black bear
  2169 | D:4      | Killed a black bear
  2170 | D:4      | Gained mutation: You have a pair of small horns on your
                  | head. [demonic ancestry]
  2170 | D:4      | Reached XP level 6. HP: 39/46 MP: 6/6
  2291 | D:4      | Reached skill level 5 in Axes
  2662 | D:3      | Found a runed translucent gate.
  2662 | D:3      | Found a runed translucent gate.
  2662 | D:3      | Found a runed translucent gate.
  2663 | D:3      | Noticed Bediveer's ghost (amateur MeHu)
  3040 | D:4      | HP: 1/46 [orc priest/divine providence (11)]
  3044 | D:4      | Reached XP level 7. HP: 3/51 MP: 7/7
  3835 | D:5      | Reached skill level 6 in Axes
  3873 | D:5      | Noticed Duvessa
  3876 | D:5      | Noticed Dowan
  3883 | D:5      | Slain by Duvessa

Illustrated notes

Levels and vault maps discovered:
D:1:      dpeg_arrival_signposts, layout_basic
D:2:      layout_loops_ring, nicolae_ecumenical_lake_church, serial_shops,
          nicolae_shop_waterfront, shop, amcnicky_mini_pool_small
D:3:      layout_basic, nicolae_overflow_hidden_temple,
          ebering_ghost_rock_garden, guppyfry_early_lair_pool
D:4:      layout_loops_corners
D:5:      minmay_bubble_buster, layout_loops_cross, elyvilon_altar_3,
          kb_lookout_dungeons_type, uniq_duvessa

Skill      XL: |  1  2  3  4  5  6  7 |
---------------+----------------------+-----
Axes           | 3 4 5 6 |  6.0
Dodging        | 3 |  3.7
Armour         | 1 |  1.8
Shields        | 1 2 |  2.0
Fighting       | |  2.8
Throwing       | |  1.8
Stealth        | |  0.3

Action                     |  1- 3 |  4- 6 |  7- 9 || total
---------------------------+-------+-------+-------++-------
  Melee: War axe           |   115 |   163 |    24 ||   302
         Headbutt          |       |    19 |     5 ||    24
         Punch             |       |     3 |       ||     3
  Throw: Throwing net      |       |     4 |       ||     4
         Javelin           |       |     1 |     1 ||     2
         Boomerang         |       |       |     3 ||     3
    Use: Potion            |       |     2 |       ||     2
   Stab: Sleeping          |     3 |       |       ||     3
 Armour: Leather armour    |    14 |       |       ||    14
         Scale mail        |     3 |       |       ||     3
         Ring mail         |    30 |    51 |     4 ||    85
  Dodge: Dodged            |    62 |   135 |    15 ||   212
  Block: Other             |    16 |    28 |     3 ||    47

Table legend: (Time is in decaauts)
 A = Elapsed time spent in this place.
 B = Non-inter-level travel time spent in this place.
 C = Inter-level travel time spent in this place.
 D = Time resting spent in this place.
 E = Time spent auto-exploring this place.
 F = Levels seen in this place.
 G = Mean time per level.
                   A        B        C        D        E       F      G
               +--------+--------+--------+--------+--------+-----+--------+
         Total |   3983 |   3760 |    223 |      0 |   2779 |   5 |  796.6 |
       Dungeon |   3983 |   3760 |    223 |      0 |   2779 |   5 |  796.6 |
               +--------+--------+--------+--------+--------+-----+--------+

Top non-repeatable levels by time:
     D:4: 1251 daAuts
     D:2: 941 daAuts
     D:1: 909 daAuts
     D:3: 633 daAuts
     D:5: 246 daAuts
